 Dungeon Crawl Stone Soup version 0.19.1 (webtiles) character file.

865 empire the Skirmisher (level 7, 0/63 HPs)
             Began as a Minotaur Abyssal Knight on Dec 12, 2016.
             Was an Elder of Lugonu.
             Slain by a sky beast (6 damage)
             ... on level 5 of the Dungeon.
             The game lasted 00:12:24 (4083 turns).

empire the Skirmisher (Minotaur Abyssal Knight)     Turns: 4083, Time: 00:12:25

Health: 0/63       AC: 13    Str: 17    XL:     7   Next: 72%
Magic:  9/9        EV:  8    Int:  9    God:    Lugonu [****..]
Gold:   239        SH:  0    Dex: 11    Spells: 0 memorised, 6 levels left

rFire  + . .     SeeInvis .     a - +2 falchion
rCold  . . .     Gourm    .     p - +2 chain mail {rF+}
rNeg   . . .     Faith    .     (no shield)
rPois  .         Spirit   .     (helmet restricted)
rElec  .         Reflect  .     (no cloak)
rCorr  .         Harm     .     s - +0 pair of gloves
MR     .....                    (no boots)
Stlth  ..........               (no amulet)
                                (no ring)
                                (no ring)

@: no status effects
A: retaliatory headbutt, horns 2
a: Depart the Abyss, Bend Space, Banish, Corrupt, Renounce Religion


You were on level 5 of the Dungeon.
You worshipped Lugonu.
Lugonu was greatly pleased with you.
You were hungry.

You visited 1 branch of the dungeon, and saw 5 of its levels.
You visited the Abyss 1 time.
You also visited: Sewer.

You collected 239 gold pieces.

Inventory:

Hand Weapons
 a - a +2 falchion (weapon)
 e - a +1 antimagic short sword
 g - a +2 short sword of draining
 l - a +1 rapier of venom
 y - a +1 dagger of venom
Missiles
 n - 90 arrows
 o - 14 poisoned needles
 q - 12 curare-tipped needles
 u - 21 bolts
Armour
 b - a +0 leather armour
 f - a +0 scale mail
 p - a +2 chain mail of fire resistance (worn)
 s - a +0 pair of gloves (worn)
 v - a +2 robe of positive energy
Jewellery
 r - an uncursed ring of flight
 x - a +5 ring of protection {unknown}
Scrolls
 d - 4 scrolls of recharging
 h - a scroll of fog
 i - 3 scrolls of remove curse
 j - a scroll of blinking
 k - 2 scrolls of identify
Potions
 z - 2 potions of brilliance
Comestibles
 c - 4 bread rations
 m - 2 beef jerkies


   Skills:
 + Level 6.0 Fighting
 + Level 4.8 Long Blades
 + Level 5.4 Armour
 + Level 4.2 Dodging
 + Level 4.2 Invocations


You had 6 spell levels left.
You didn't know any spells.

Dungeon Overview and Level Annotations

Branches:
Dungeon (5/15)
 Temple: D:4-7

Altars:
Okawaru
Xom

Annotations:
D:4 removeelyvilon's ghost, novice MfTm
D:5 Grinder; Sigmund


Innate Abilities, Weirdness & Mutations

You reflexively headbutt those who attack you in melee.
You have a pair of horns on your head.


Message History

The ooze closely misses you. You furiously retaliate!
You headbutt the ooze!
You kill the ooze!
Lugonu accepts your kill.
Things that are here:
a dagger; a robe You see here 8 gold pieces.
You now have 239 gold pieces (gained 8).
Found a quarterstaff.
You closely miss the sky beast.
The sky beast is severely wounded.
The sky beast hits you but does no damage.
You closely miss the sky beast. You headbutt the sky beast.
The sky beast is almost dead.
The sky beast hits you but does no damage.
You closely miss the sky beast.
The sky beast is almost dead.
The sky beast hits you.
* * * LOW HITPOINT WARNING * * *
The sky beast shocks you.
You die...

#...........###.... ###
#..........)..........
#.........#.).).#...#
####........##.._..##.#
§o...........#.).).#.)#
......................#
####...........###....###
#............#.........
#..#####.....@..#######
####..# #....Y...#
......# #........#
####o.# #........#
#..#####........#
#.......).......#
###..##.###.......#
#.......##........#
#.#..#####........#


You could see a sky beast.

Vanquished Creatures
  4 big kobolds (Sewer)
  6 orc wizards
  An orc priest (D:2)
  Jessica (D:3)
  An iguana (D:4)
  2 worker ants (D:4)
  A hound skeleton (D:4)
  10 adders
  3 river rats (Sewer)
  7 oozes
  4 worms
  2 dart slugs
  3 leopard geckos
  9 orcs
  8 bats
  10 giant cockroaches
  10 goblins
  8 hobgoblins
  19 jackals
  A quokka (D:2)
  2 ball pythons (Sewer)
  3 frilled lizards
  16 kobolds
  A leopard gecko skeleton (D:5)
  5 rats
137 creatures vanquished.

Vanquished Creatures (others)
  A hound (D:4)
  A worker ant (D:4)
  2 adders (D:4)
  A jackal (D:5)
  A quokka (D:4)
6 creatures vanquished.

Grand Total: 143 creatures vanquished

Notes
Turn   | Place    | Note
-------+----------+-------------------------------------------
     0 | Abyss:1  | empire the Minotaur Abyssal Knight began the quest for the Orb.
     0 | Abyss:1  | Reached XP level 1. HP: 19/19 MP: 1/1
    15 | D:1      | Escaped the Abyss
    55 | D:1      | Reached XP level 2. HP: 5/27 MP: 2/2
   403 | D:1      | Reached skill level 4 in Fighting
   624 | D:1      | Reached XP level 3. HP: 30/33 MP: 3/3
   775 | D:1      | Reached ** piety under Lugonu
  1088 | D:2      | Reached XP level 4. HP: 40/40 MP: 4/4
  1561 | D:3      | Noticed Jessica
  1702 | D:3      | Reached XP level 5. HP: 45/47 MP: 5/5
  1718 | D:3      | Killed Jessica
  1794 | D:3      | Reached *** piety under Lugonu
  1968 | D:3      | Reached XP level 6. HP: 44/55 MP: 7/7
  2275 | D:4      | Reached skill level 5 in Fighting
  2750 | D:4      | Found a shimmering altar of Xom.
  2821 | D:4      | Noticed removeelyvilon's ghost (novice MfTm)
  2848 | D:5      | Entered Level 5 of the Dungeon
  2850 | D:5      | Noticed an ice beast
  2982 | D:5      | Found an iron altar of Okawaru.
  2989 | D:5      | Noticed a sky beast
  3038 | D:5      | HP: 1/56 [orc wizard/puff of flame (5)]
  3064 | D:5      | Found a glowing drain.
  3074 | Sewer    | Entered a sewer
  3496 | Sewer    | Reached XP level 7. HP: 38/61 MP: 8/8
  3773 | Sewer    | Reached skill level 5 in Armour
  3968 | Sewer    | Reached **** piety under Lugonu
  3999 | D:5      | Noticed Grinder
  3999 | D:5      | Paralysed by Grinder for 5 turns
  4019 | D:5      | Paralysed by Grinder for 3 turns
  4040 | D:5      | Paralysed by Grinder for 3 turns
  4043 | D:5      | HP: 2/62 [sky beast (5)]
  4048 | D:5      | Noticed Sigmund
  4069 | D:5      | Reached skill level 6 in Fighting
  4083 | D:5      | Slain by a sky beast

Skill      XL: |  1  2  3  4  5  6  7 |
---------------+----------------------+-----
Fighting       | 4 5 6 |  6.0
Armour         | 3 4 5 |  5.4
Invocations    | 2 3 4 |  4.2
Dodging        | 2 3 4 |  4.2
Long Blades    | 3 4 |  4.8

Action                   |  1- 3 |  4- 6 |  7- 9 || total
-------------------------+-------+-------+-------++-------
Melee: Falchion          |    58 |   216 |   160 ||   434
       Headbutt          |    12 |    33 |    27 ||    72
Invok: Bend Space        |       |     2 |       ||     2
  Use: Scroll            |     6 |     6 |     2 ||    14
       Potion            |     1 |     3 |     2 ||     6
  Eat: Chunk             |     1 |     5 |       ||     6
       Meat ration       |       |     1 |       ||     1
Armor: Chain mail        |    28 |   166 |   143 ||   337
       Scale mail        |     2 |       |       ||     2
       Leather armour    |     1 |       |       ||     1
Dodge: Dodged            |    34 |   105 |    72 ||   211
       Rpst.: Falchion   |     9 |    31 |    16 ||    56
